 Dungeon Crawl Stone Soup version 0.30-a0-691-g754fce4c43 (webtiles) character file.

Game seed: 8124790368509411042

59 kae the Insei (level 3, -5/26 HPs)
             Began as a Demonspawn Transmuter on Jan 19, 2023.
             Succumbed to Crazy Yiuf's poison
             ... on level 2 of the Dungeon.
             The game lasted 00:02:09 (1736 turns).

kae the Insei (Demonspawn Transmuter)               Turns: 1736, Time: 00:02:10

Health: -5/26      AC:  2    Str:  8    XL:     3   Next: 78%
Magic:  4/6        EV: 19    Int: 16    God:
Gold:   64         SH:  0    Dex: 18    Spells: 1/7 levels left

rFire   . . .      SeeInvis .      - Unarmed
rCold   . . .      Faith    .    (shield currently unavailable)
rNeg    . . .      Spirit   .    (body armour currently unavailable)
rPois   x          Reflect  .    (helmet currently unavailable)
rElec   .          Harm     .    (cloak currently unavailable)
rCorr   .          Rampage  .    (gloves currently unavailable)
Will    .....                    (boots currently unavailable)
Stlth   ++                       (no amulet)
HPRegen 0.24/turn                (no ring)
MPRegen 0.20/turn                (no ring)

@: lethally poisoned (-5 -> -28), spider-form (expiring)
A: venomous fangs, tiny, (antennae 1), magic regeneration, (cold resistance 1),
weak 1, evolution 1
a: End Transformation


You were on level 2 of the Dungeon.
You were a venomous arachnid creature.
You visited 1 branch of the dungeon, and saw 2 of its levels.

You collected 64 gold pieces.


Innate Abilities, Weirdness & Mutations

You are a venomous arachnid creature.
You have venomous fangs.
You are tiny and dextrous.
Your spellcasting is less reliable in this form.
Your armour is entirely melded.
You are incapable of wielding weapons or throwing items.
((You have a pair of small antennae on your head.))
You regenerate magic rapidly.
((Your flesh is cold resistant. (rC+)))
You are weak. (Str -2)
You have hidden genetic potential.


   Skills:
 - Level 1.0 Fighting
 - Level 1.7 Dodging
 + Level 3.1 Unarmed Combat
 + Level 2.5 Spellcasting
 * Level 2.9 Transmutations
 + Level 0.1 Poison Magic


You had one spell level left.
You knew the following spells:

 Your Spells              Type           Power      Damage    Failure   Level
a - Beastly Appendage     Tmut           22%        N/A       17%         1
b - Wereblood             Tmut           11%        N/A       22%         2
c - Spider Form           Tmut/Pois      6%         N/A       52%         3

Your spell library contained the following spells:

 Spells                   Type           Power      Damage    Failure   Level
 Ignite Poison            Fire/Tmut/Pois 5%         N/A       58%         3
 Kindle Blastsparks       Fire/Tloc/Air  4%         2d10      73%         3
 Ice Form                 Ice/Tmut       6%         N/A       87%         4
 Freezing Cloud           Conj/Ice/Air   1%         6-21      100%        5

Inventory:

Missiles
 e - 26 stones
Armour
 a - a +0 robe (melded)
Scrolls
 d - a scroll of magic mapping {unknown}
 f - a scroll of enchant armour {unknown}
Potions
 b - a potion of lignification {!q}

Dungeon Overview and Level Annotations

Branches:
Dungeon (2/15) Zot: 10272

Altars:
Wu Jian

Annotations:
D:2 Crazy Yiuf

##..#..##..#.#########.# ##
##.###...........#####.##########
##..#..##....###.................
##...######## ##################
####.#### ........# .###.#####♣♣
### ########## ## #....#..♣♣
♣♣#..)# #.........
###......♣♣♣♣sg...# #..#######
##......♣..♣#...# #...##
###...♣.♣♣♣ ### #....# ##♣♣♣♣♣
#...## #..## #.## ###


You could see Crazy Yiuf (extremely poisoned).


Message History

Casting: Beastly Appendage (safe; 6% risk of failure)
Confirm with . or Enter, or press ? or * to list all spells.
Your feet morph into talons. 😎 MP[-1]
You lost 1 mp, and now have 5/6 mp.
The hobgoblin barely misses you.
You hit the hobgoblin but do no damage. The hobgoblin closely misses you.
A hobgoblin is nearby!
You hit the hobgoblin but do no damage. Your kick misses the hobgoblin.
You hit the hobgoblin.
You kill the hobgoblin! 😎 MP[+1]
Your mp is fully restored (6).
Your transformation is almost over.
f - a scroll labelled DOMORCHAGOPH Your talons disappear.
You see here a +0 mace.
An endoplasm comes into view.
An endoplasm is nearby!
An endoplasm is nearby!
An endoplasm is nearby!
Casting: Beastly Appendage (safe; 6% risk of failure)
Confirm with . or Enter, or press ? or * to list all spells.
Your feet morph into talons. 😎 MP[-1]
You lost 1 mp, and now have 5/6 mp.
An endoplasm is nearby!
The endoplasm freezes you.
You are frozen.
You hit the endoplasm. The endoplasm barely misses you.
An endoplasm is nearby!
You hit the endoplasm. The endoplasm freezes you.
You are frozen.
You hit the endoplasm.
You kill the endoplasm! 😕 HP[-5] MP[+1]
You take 5 damage, and now have 21/26 hp.
Your mp is fully restored (6).
Your transformation is almost over.
Your talons disappear.
Key pressed, stopping explore.
There is a stone staircase leading up here.
There is an ornate altar of the Wu Jian Council here.
Crazy Yiuf shouts!
Crazy Yiuf waves his quarterstaff at you.
Key pressed, stopping explore.
Key pressed, stopping explore.
Unknown command. 😎 HP[+5]
Your hp is fully restored (26).
Key pressed, stopping explore.
Crazy Yiuf shouts!
Crazy Yiuf says, "Two spinner fast!"
Could not explore, unopened runed door.
Could not explore, unopened runed door.
Could not explore, unopened runed door.
Okay, then.
Press: ? - help, v - describe, . - travel, g - get item Item here: a dazzling hammer.
The floor.
Casting: Beastly Appendage (safe; 6% risk of failure)
Confirm with . or Enter, or press ? or * to list all spells.
The spell is extremely dangerous to miscast (30% risk of failure)!
Continue anyway? [Y]es or [N]o only, please.
The spell is extremely dangerous to miscast (30% risk of failure)!
Continue anyway?
You turn into a venomous arachnid creature.
Your +0 robe melds into your body. 😎 MP[-3]
You lost 3 mp, and now have 3/6 mp.
You open the door. You hit Crazy Yiuf.
Crazy Yiuf grits, "Rot!"
Crazy Yiuf hits you with a +3 quarterstaff of chaos!
Ouch! That really hurt!
* * * LOW HITPOINT WARNING * * *
😨 HP[-13]
You take 13 damage, and now have 13/26 hp.
MASSIVE DAMAGE!! (PAUSE)
You hit Crazy Yiuf.
Crazy Yiuf is poisoned.
Crazy Yiuf grits, "Lay!
Defame snockshim tired."
Crazy Yiuf misses you.
You hit Crazy Yiuf but do no damage.
Crazy Yiuf looks as sick as possible!
Crazy Yiuf completely misses you. 😨 MP[+1] Unknown command.
You hit Crazy Yiuf.
Crazy Yiuf looks as sick as possible!
Your transformation is almost over.
Crazy Yiuf hits you with a +3 quarterstaff of chaos!
* * * LOW HITPOINT WARNING * * *
You are lethally poisoned! 😱 HP[-12]
You take 12 damage, and now have 1/26 hp.
MASSIVE DAMAGE!! (PAUSE) Unknown command.
It was a potion of mutation.
You feel extremely strange.
You feel weaker.
You feel a hidden potential growing inside you.
You feel resistant to cold.
You die...

Skill      XL: |  1  2 |
---------------+-------+-----
Transmutations | 2 |  2.9
Unarmed Combat | 3 |  3.1
Fighting       | |  1.0
Dodging        | |  1.7
Spellcasting   | |  2.5
Poison Magic   | |  0.1

Action                   || total
-------------------------++-------
Melee: Unarmed           ||   135
       Headbutt          ||     2
       Kick              ||    20
       Punch             ||     4
 Cast: Beastly Appendage ||    25
       Spider Form       ||     1
  Use: Scroll            ||     3
       Potion            ||     1
Armor: Robe              ||    19
Dodge: Dodged            ||    71

Levels and vault maps discovered:
D:1:      dpeg_arrival_round_c, layout_basic, lexackson_kobold_supper
D:2:      layout_loops_ring, basic_altar, uniq_crazy_yiuf_cottage

Notes
Turn   | Place    | Note
-------+----------+-------------------------------------------
     0 | D:1      | kae the Demonspawn Transmuter began the quest for the Orb.
     0 | D:1      | Reached XP level 1. HP: 15/15 MP: 3/3
     0 | D:1      | magus.rc [v1.11.3]
    90 | D:1      | Reached skill level 2 in Transmutations
   105 | D:1      | Gained mutation: You have a pair of small antennae on your
                  | head. [demonic ancestry]
   105 | D:1      | Reached XP level 2. HP: 13/21 MP: 5/5
   287 | D:1      | Reached skill level 3 in Unarmed Combat
   448 | D:1      | Gained mutation: You regenerate magic rapidly. [demonic
                  | ancestry]
   448 | D:1      | Reached XP level 3. HP: 23/26 MP: 4/6
   451 | D:1      | Learned a level 2 spell: Wereblood
   482 | D:1      | HP: 6/26 [quokka (1)]
   492 | D:1      | Learned a level 3 spell: Spider Form
   711 | D:1      | HP: 6/26 [quokka (4)]
   714 | D:1      | HP: 2/26 [quokka (3)]
   920 | D:1      | You fall into a shaft and drop 1 floor!
   920 | D:2      | Found an ornate altar of the Wu Jian Council.
  1232 | D:2      | You add the spells Kindle Blastsparks, Ignite Poison and
                  | Freezing Cloud to your library.
  1592 | D:2      | Found a runed translucent door.
  1593 | D:2      | Noticed Crazy Yiuf
  1735 | D:2      | HP: 1/26 [Crazy Yiuf/+3 quarterstaff of chaos (12)]
  1736 | D:2      | Gained mutation: You are weak. (Str -2) [potion of
                  | mutation]
  1736 | D:2      | Gained mutation: You have hidden genetic potential. [potion
                  | of mutation]
  1736 | D:2      | Gained mutation: Your flesh is cold resistant. (rC+)
                  | [potion of mutation]
  1736 | D:2      | Succumbed to Crazy Yiuf's poison

Vanquished Creatures
  A worm (D:2)
  2 dart slugs
  5 endoplasms
  2 giant cockroaches (D:1)
  4 goblins
  4 hobgoblins
  4 jackals (D:1)
  10 kobolds
  2 quokkas (D:1)
  4 frilled lizards
  11 rats
49 creatures vanquished.

Vanquished Creatures (others)
  6 plants (D:1)
6 creatures vanquished.

Grand Total: 55 creatures vanquished

Table legend:
 A = Non-vault XP
 B = Vault XP
 C = Vault XP percentage of total XP
 D = Non-vault monster count
 E = Vault monster count
 F = Vault count percentage of total count
                 A         B        C        D         E       F
            +---------+---------+-------+---------+---------+-------
      Total |      75 |      10 |  11.8 |      41 |       8 |  16.3
            +---------+---------+-------+---------+---------+-------
        D:1 |      46 |      10 |  17.9 |      27 |       8 |  22.9
        D:2 |      29 |       0 |   0.0 |      14 |       0 |   0.0
            +---------+---------+-------+---------+---------+-------

Illustrated notes

Table legend:
 A = Kills in this place as a percentage of kills in entire the game.
 B = Kills by you in this place as a percentage of kills by you in the entire game.
 C = Kills by friends in this place as a percentage of kills by friends in the entire game.
 D = Other kills in this place as a percentage of other kills in the entire game.
 E = Experience gained in this place as a percentage of experience gained in the entire game.
 F = Experience gained in this place divided by the number of levels of this place that you have seen.
                   A       B       C       D       E      F
               +-------+-------+-------+-------+-------+----------------------
         Total | 100.0 | 100.0 |   N/A |   N/A | 100.0 |  42.5
       Dungeon | 100.0 | 100.0 |   N/A |   N/A | 100.0 |  42.5
               +-------+-------+-------+-------+-------+----------------------

Table legend: (Time is in decaauts)
 A = Elapsed time spent in this place.
 B = Non-inter-level travel time spent in this place.
 C = Inter-level travel time spent in this place.
 D = Time resting spent in this place.
 E = Time spent auto-exploring this place.
 F = Levels seen in this place.
 G = Mean time per level.
                   A        B        C        D        E       F      G
               +--------+--------+--------+--------+--------+-----+--------+
         Total |   1727 |   1727 |      0 |     81 |   1310 |   2 |  863.5 |
       Dungeon |   1727 |   1727 |      0 |     81 |   1310 |   2 |  863.5 |
               +--------+--------+--------+--------+--------+-----+--------+

Top non-repeatable levels by time:
     D:1: 914 daAuts
     D:2: 813 daAuts
